 Dungeon Crawl Stone Soup version 0.29.1-2-gbd0b4ee654 (webtiles) character file.

Game seed: 14446293069538662901

766 warriortoast the Digger (level 7, -19/41 HPs)
             Began as a Gargoyle Earth Elementalist on Nov 28, 2022.
             Demolished by an ogre
             ... wielding a +0 giant club
              (35 damage)
             ... on level 5 of the Dungeon.
             The game lasted 00:08:56 (4396 turns).

warriortoast the Digger (GrEE)                      Turns: 4396, Time: 00:08:56

Health: -19/41     AC:  8    Str: 13    XL:     7   Next: 82%
Magic:  8/12       EV: 16    Int: 16    God:
Gold:   264        SH:  0    Dex: 10    Spells: 12/13 levels left

rFire   . . .      SeeInvis .   l - +8 club
rCold   . . .      Faith    .   (no shield)
rNeg    + . .      Spirit   .   a - +0 robe
rPois   ∞          Reflect  .   m - +0 helmet
rElec   +          Harm     .   (no cloak)
rCorr   .          Rampage  .   (no gloves)
Will    .....                   d - +0 pair of boots
Stlth   ++........              (no amulet)
HPRegen 0.13/turn               n - +4 ring of evasion
MPRegen 0.13/turn               (no ring)

@: no status effects
A: sickness immunity, AC +4, negative energy resistance 1, electricity
resistance, torment resistance 1, petrification resistance
a: no special abilities


You were on level 5 of the Dungeon.
You visited 1 branch of the dungeon, and saw 5 of its levels.

You collected 264 gold pieces.

Inventory:

Hand Weapons
 g - a +0 whip
 k - a +0 club
 l - a +8 club (weapon)
 z - a +0 morningstar
Armour
 a - a +0 robe (worn)
 d - a +0 pair of boots (worn)
 m - a +0 helmet (worn)
Jewellery
 n - a +4 ring of evasion (left hand)
Wands
 r - a wand of roots (6)
 y - a wand of acid (7)
Scrolls
 c - 2 scrolls of enchant weapon
 i - a scroll of butterflies {unknown}
 p - 5 scrolls of identify {unknown}
 q - 5 scrolls of teleportation {unknown}
 s - 2 scrolls of enchant armour {unknown}
 v - a scroll of silence {unknown}
 w - a scroll of torment {unknown}
 B - a scroll of magic mapping {unknown}
Potions
 b - a potion of magic
 e - a potion of degeneration {unknown}
 f - a potion of resistance {unknown}
 j - 3 potions of heal wounds {unknown}
 o - a potion of cancellation {unknown}
 t - 4 potions of curing {unknown}
 u - a potion of flight {unknown}
 x - a potion of brilliance {unknown}
 A - a potion of invisibility {unknown}


   Skills:
 + Level 3.5 Fighting
 + Level 3.1 Dodging
 + Level 4.6 Stealth
 + Level 3.7 Spellcasting
 + Level 2.6 Transmutations
 + Level 5.4 Earth Magic


You had 12 spell levels left.
You knew the following spells:

 Your Spells              Type           Power      Damage    Failure   Level
a - Sandblast             Erth           40%        2d10      1%          1

Your spell library contained the following spells:

 Spells                   Type           Power      Damage    Failure   Level
 Passwall                 Tmut/Erth      12%        N/A       4%          2
 Stone Arrow              Conj/Erth      22%        3d8       17%         3
 Petrify                  Tmut/Erth      15%        N/A       32%         4
 Dazzling Flash           Conj/Hex       4%         N/A       45%         3
 Iskenderun's Mystic Bla  Conj/Tloc      2%         2d3       86%         4
 Starburst                Conj/Fire      1%         6d3       100%        6
 Malign Gateway           Summ/Tloc      1%         N/A       100%        7
 Summon Horrible Things   Summ           1%         N/A       100%        8


Dungeon Overview and Level Annotations

Branches:
Dungeon (5/15)
 Temple: D:4-7

Altars:
Hepliaklqana
Qazlal
Yredelemnul

Annotations:
D:4 Sigmund


Innate Abilities, Weirdness & Mutations

You are immune to sickness and miasma.
Your stone body is resilient. (AC +4)
You are immune to poison.
You resist negative energy. (rN+)
You are resistant to electric shocks. (rElec)
You are resistant to unholy torment.
You are immune to petrification.


Message History

The hound bites you but does no damage. The hound barely misses you.
You sock the hound!
You kill the hound!
You see here a hound corpse.
There is a stone staircase leading down here.
You climb downwards.
You hear the sound of rushing water.
There is an entrance to a sewer on this level.
Hurry and find it before the portal rusts away!
You hear the slow rusting of a very distant drain.
The ogre hits you with a +0 giant club!!
Ouch! That really hurt!
There is a stone staircase leading up here.
Okay, then.
You are too injured to fight recklessly!
Aiming: Sandblast (safe; 1% risk of failure)
Press: ? - help, Q - select action, (/) - cycle Shift-Dir - straight line, f - ogre
Aim: an ogre, wielding a +0 giant club (92% to hit)
The blast of sand hits the ogre!
The ogre is moderately wounded.
The ogre completely misses you.
Aiming: Sandblast (safe; 1% risk of failure)
Press: ? - help, Q - select action, (/) - cycle Shift-Dir - straight line, f/p - ogre
Aim: an ogre, wielding a +0 giant club (moderately wounded, 92% to hit)
The blast of sand hits the ogre.
The ogre is moderately wounded.
The ogre barely misses you.
Aiming: Sandblast (safe; 1% risk of failure)
Press: ? - help, Q - select action, (/) - cycle Shift-Dir - straight line, f/p - ogre
Aim: an ogre, wielding a +0 giant club (moderately wounded, 92% to hit)
The blast of sand misses the ogre.
The ogre closely misses you.
Unknown command.
Aiming: Sandblast (safe; 1% risk of failure)
Press: ? - help, Q - select action, (/) - cycle Shift-Dir - straight line, f/p - ogre
Aim: an ogre, wielding a +0 giant club (moderately wounded, 92% to hit)
The blast of sand hits the ogre!
The ogre is almost dead.
The ogre hits you with a +0 giant club!!
Ouch! That really hurt!
You die...

#####......#
#..........
#.........#
#.........#
#.........#
#.........#
#....?.O..#
#....@#
#####.# #..
###. .# . ##


You could see an ogre.

Vanquished Creatures
  A sky beast (D:4)
  A black bear (D:4)
  A phantom (D:4)
  A scorpion (D:4)
  An orc priest (D:4)
  A gnoll bouda (D:4)
  A centaur skeleton (D:4)
  A hound (D:4)
  A jelly (D:4)
  2 orc wizards (D:4)
  2 hound zombies (D:4)
  Robin (D:2)
  3 gnolls (D:4)
  7 adders
  A white imp (D:3)
  An adder skeleton (D:4)
  An adder zombie (D:4)
  2 worms (D:2)
  3 dart slugs
  5 orcs (D:4)
  14 ball pythons
  10 endoplasms
  14 goblins
  9 hobgoblins
  6 jackals
  4 quokkas
  5 bats
  4 kobolds
  A quokka zombie (D:4)
  6 rats
  A spectral orc (D:4)
111 creatures vanquished.

Vanquished Creatures (others)
  5 plants (D:4)
  3 withered plants (D:4)
8 creatures vanquished.

Grand Total: 119 creatures vanquished

Notes
Turn   | Place    | Note
-------+----------+-------------------------------------------
     0 | D:1      | warriortoast the Gargoyle Earth Elementalist began the
                  | quest for the Orb.
     0 | D:1      | Reached XP level 1. HP: 10/10 MP: 3/3
   144 | D:1      | Reached XP level 2. HP: 9/16 MP: 1/5
   329 | D:1      | Reached skill level 1 in Transmutations
   552 | D:1      | Found a faded altar of an unknown god.
   607 | D:1      | Reached XP level 3. HP: 19/20 MP: 2/6
   828 | D:1      | Reached skill level 1 in Fighting
  1291 | D:2      | Reached skill level 4 in Earth Magic
  1452 | D:2      | Reached XP level 4. HP: 25/25 MP: 3/7
  1453 | D:2      | Noticed Robin
  1583 | D:2      | Killed Robin
  2390 | D:3      | Reached XP level 5. HP: 30/30 MP: 5/8
  2821 | D:3      | Found a hazy altar of Hepliaklqana.
  3125 | D:4      | Reached XP level 6. HP: 33/35 MP: 6/10
  3125 | D:4      | Noticed a black bear
  3128 | D:4      | Killed a black bear
  3459 | D:4      | Reached skill level 5 in Earth Magic
  3459 | D:4      | Reached XP level 7. HP: 39/41 MP: 2/11
  3593 | D:4      | Found a stormy altar of Qazlal.
  4036 | D:4      | Noticed Sigmund
  4182 | D:4      | Found a basalt altar of Yredelemnul.
  4333 | D:5      | Entered Level 5 of the Dungeon
  4396 | D:5      | Demolished by an ogre

Illustrated notes

Levels and vault maps discovered:
D:1:      dpeg_arrival_leaves_temple_mockup, layout_basic,
          hellmonk_ecumenical_altar_leap_of_faith, chequers_serial_rivers_marsh
D:2:      layout_loops_ring, uniq_robin
D:3:      layout_rooms, mainiacjoe_overflow_concentric_impassable,
          minmay_crystal_room, minmay_misc_feat_hallway
D:4:      wad_pebble_path, layout_basic, mainiacjoe_overflow_boulevard,
          yredelemnul_forgotten_temple_becter, serial_undead, serial_undead_b,
          serial_undead_e, serial_undead_b, serial_undead_d,
          minmay_strange_pillars, minmay_small_thing, uniq_sigmund
D:5:      layout_basic, mainiacjoe_overflow_24_doors, temple_statues,
          cheibrodos_sewer_entry_sluice, nicolae_concentric_dashed_squares_wild,
          uniq_prince_ribbit1

Skill      XL: |  1  2  3  4  5  6  7 |
---------------+----------------------+-----
Transmutations | 1 2 |  2.6
Fighting       | 1 2 3 |  3.5
Earth Magic    | 4 5 |  5.4
Dodging        | 2 3 |  3.1
Stealth        | 3 4 |  4.6
Spellcasting   | 3 |  3.7

Action                   |  1- 3 |  4- 6 |  7- 9 || total
-------------------------+-------+-------+-------++-------
Melee: Unarmed           |     4 |       |       ||     4
       Club              |       |    16 |    38 ||    54
 Cast: Sandblast         |    52 |    87 |    17 ||   156
Evoke: Wand              |       |     1 |     4 ||     5
  Use: Scroll            |       |       |     2 ||     2
 Stab: Sleeping          |       |       |     3 ||     3
Armor: Robe              |     8 |    20 |    26 ||    54
Dodge: Dodged            |    14 |    66 |    50 ||   130
